 Dungeon Crawl Stone Soup version 0.31-a0-636-ge1c0e020e0 (webtiles) character file.

Game seed: 16781685320768465631

1850665 Midn8 the Merry Naga (level 23, 275/275 HPs)
             Began as a Naga Hexslinger on Aug 26, 2023.
             Was the Champion of Ru.
             Escaped with the Orb
             ... and 3 runes on Aug 27, 2023!
             The game lasted 03:04:05 (54306 turns).

Midn8 the Merry Naga (Naga Hexslinger)             Turns: 54306, Time: 03:04:06

Health: 275/275    AC: 42    Str: 14    XL:     23   Next: 44%
Magic:  39/39      EV: 14    Int: 18    God:    Ru [******]
Gold:   2713       SH:  8    Dex: 32    Spells: 15/36 levels left

rFire   + + .        a - +27 heavy crossbow "Sniper" {heavy, Acc+∞ SInv}
rCold   + . .        (shield currently unavailable)
rNeg    . . .        H - +5 fire dragon scales
rPois   +            k - +2 helmet
rElec   .            W - scarf "Baexoor" {harm, +Inv Dex+4 Stlth+}
rCorr   .            B - +1 pair of gloves of Inun {rC+ Regen+ MP+9 Str+3}
SInv    +            w - +4 barding
Will    ++...        O - brooch of Shielding {Spirit SH+8} Stlth
                     F - ring "Lealot" {rC+ Dex+6}
HPRegen 1.45/turn    c - +4 ring of protection
MPRegen 0.26/turn

%: harm (+30% outgoing, +20% incoming), guardian spirit
@: studying 2 skills, very slow
A: AC +7, large, see invisible, deformed body, poison resistance, slowness 2,
spit poison 1, no stealth, hated by all, inexperienced 3, naga tail 2, claws 1,
clever 1, low MP 1, robust 1, screaming 1, inability to drink after injury 1,
noise suppression
0: Orb of Zot
}: 3/15 runes: decaying, silver, gossamer
a: Spit Poison, Renounce Religion, Evoke Invisibility, Draw Out Power, Power
Leap, Apocalypse


You escaped.
You worshipped Ru.
Ru was exalted by your worship.
You visited 9 branches of the dungeon, and saw 47 of its levels.
You visited 2 bazaars.
You also visited: Gauntlet, Ice Cave and Wizlab.

You collected 7836 gold pieces.
You spent 5123 gold pieces at shops.

Inventory:

Hand Weapons
 a - the +27 heavy crossbow "Sniper" (weapon) {heavy, Acc+∞ SInv}
   (You acquired it on level 1 of the Vaults)

   Acc+∞: It never misses its target.
   SInv:      It lets you see invisible.
Missiles
 P - a throwing net
 V - 23 curare-tipped darts
Armour
 k - a +2 helmet (worn)
 w - a +4 barding (worn)
 B - the +1 pair of gloves of Inun (worn) {rC+ Regen+ MP+9 Str+3}
   (You acquired it on level 5 of the Lair of Beasts)

   Str+3:     It affects your strength (+3).
   rC+:       It protects you from cold.
   MP+9:      It affects your magic capacity (+9).
   Regen+:    It increases your rate of health regeneration.
 H - +5 fire dragon scales (worn)
 R - the +4 faerie dragon scales {rPois rN+ rCorr Slay+3}
   (You took it off the Enchantress on level 1 of the Depths)

   Slay+3:    It affects your accuracy & damage with ranged weapons and melee
   (+3).
   rPois:     It protects you from poison rN+: It protects you from negative
   energy.
   rCorr:     It protects you from acid and corrosion.
 W - the scarf "Baexoor" (worn) {harm, +Inv Dex+4 Stlth+}
   (You acquired it in a Gauntlet)

   Dex+4:     It affects your dexterity (+4).
   +Inv:      It lets you turn invisible.
   Stlth+:    It makes you more stealthy.
Jewellery
 c - a +4 ring of protection (right hand)
 e - a ring of wizardry
 f - a ring of protection from cold
 i - a ring of willpower
 m - the ring of Cheibriados's Regard {Str+6 Stlth+}
   (You found it on level 2 of the Dungeon)

   [ring of strength]

   Str+6:     It affects your strength (+6).
   Stlth+:    It makes you more stealthy.
 F - the ring "Lealot" (left hand) {rC+ Dex+6}
   (You took it off a deep elf demonologist on level 3 of the Elven Halls)

   [ring of protection from cold]

   Dex+6:     It affects your dexterity (+6).
   rC+:       It protects you from cold.
 K - the amulet of the Air {Inacc Air Fly rElec RMsl}
   (You found it on level 2 of the Spider Nest)

   [amulet of nothing]

   Inacc:     It reduces the accuracy of your attacks and spells.
   Air:       It enhances your air magic.
   rElec:     It insulates you from electricity.
   Fly:       It grants you flight.
   RMsl:      It protects you from missiles.
 L - a ring of protection from fire
 O - the brooch of Shielding (around neck) {Spirit SH+8}
   (You bought it in a shop in a bazaar)

   [amulet of guardian spirit]

   Spirit:    It causes incoming damage to be divided between your reserves of
   health and magic.
   SH+8:      It affects your SH (+8).
Wands
 j - a wand of iceblast (41)
 G - a wand of acid (60)
 X - a wand of digging (8)
 Y - a wand of mindburst (42)
 Z - a wand of polymorph (33)
Scrolls
 b - 11 scrolls of poison
 d - 5 scrolls of vulnerability
 g - 2 scrolls of fog
 n - 11 scrolls of blinking
 o - 8 scrolls of immolation
 r - 17 scrolls of teleportation
 t - 2 scrolls of revelation
 v - 26 scrolls of identify
 y - 4 scrolls of silence
 C - 8 scrolls of fear
 Q - 3 scrolls of amnesia
 S - 2 scrolls of brand weapon
Potions
 l - 4 potions of invisibility
 p - 7 potions of attraction
 q - 16 potions of heal wounds
 s - 4 potions of berserk rage
 u - 6 potions of mutation
 x - 15 potions of curing
 z - 11 potions of brilliance
 A - 8 potions of might
 D - 7 potions of resistance
 E - 7 potions of lignification
 I - 13 potions of haste
 J - 2 potions of magic
 M - 4 potions of enlightenment
 N - 16 potions of ambrosia
 U - 7 potions of cancellation
Miscellaneous
 h - a lightning rod (4/4)
 T - a condenser vane


   Skills:
 + Level 23.9 Fighting
 O Level 27 Ranged Weapons
 - Level 14.0 Armour
 - Level 11.3 Dodging
 - Level 7.0 Spellcasting
 - Level 13.3 Hexes
 - Level 4.0 Translocations
 - Level 4.0 Fire Magic
 - Level 12.0 Evocations


You had 15 spell levels left.
You knew the following spells:

 Your Spells              Type           Power      Damage    Failure   Level
a - Slow                  Hex            100%       N/A       1%          1
b - Enfeeble              Hex            26%        N/A       80%         7
e - Cause Fear            Hex            26%        N/A       1%          4
f - Inner Flame           Hex/Fire       37%        N/A       3%          3
p - Apportation           Tloc           40%        N/A       8%          1
r - Portal Projectile     Hex/Tloc       74%        N/A       3%          3
B - Blink                 Tloc           40%        N/A       11%         2

Your spell library contained the following spells:

 Spells                   Type           Power      Damage    Failure   Level
 Lesser Beckoning         Tloc           40%        N/A       11%         2
 Scorch                   Fire           40%        2d6       11%         2
 Gell's Gravitas          Tloc           20%        N/A       22%         3
 Teleport Other           Tloc           20%        N/A       22%         3
 Anguish                  Hex/Necr       15%        N/A       24%         4
 Fulminant Prism          Conj/Hex       15%        3d10      24%         4
 Leda's Liquefaction      Hex/Erth       15%        N/A       24%         4
 Momentum Strike          Conj/Tloc      26%        3d8       26%         2
 Magic Dart               Conj           24%        1d4       36%         1
 Necrotise                Necr           24%        1d5       36%         1
 Sandblast                Erth           12%        2d6       36%         1
 Shock                    Conj/Air       24%        1d4       36%         1
 Sting                    Tmut/Pois      24%        1d4       36%         1
 Cigotuvi's Dreadful Rot  Necr/Pois/Air  12%        N/A       50%         2
 Passwall                 Tmut/Erth      5%         N/A       50%         2
 Poisonous Vapours        Pois/Air       12%        N/A       50%         2
 Searing Ray              Conj           12%        2d4       50%         2
 Static Discharge         Conj/Air       12%        2-3/arc   50%         2
 Sublimation of Blood     Necr           6%         N/A       50%         2
 Wereblood                Tmut           6%         N/A       50%         2
 Ignite Poison            Fire/Tmut/Pois 11%        N/A       56%         3
 Metabolic Englaciation   Hex/Ice        15%        N/A       56%         5
 Yara's Violent Unravell  Hex/Tmut       15%        3d8       56%         5
 Manifold Assault         Tloc           20%        N/A       58%         4
 Frozen Ramparts          Ice            12%        1d2       75%         3
 Mephitic Cloud           Conj/Pois/Air  6%         N/A       75%         3
 Ozocubu's Armour         Ice            6%         N/A       75%         3
 Stone Arrow              Conj/Erth      12%        3d7       75%         3
 Swiftness                Air            6%         N/A       75%         3
 Flame Wave               Conj/Fire      13%        2d6       86%         4
 Iskenderun's Mystic Bla  Conj/Tloc      13%        2d5       86%         4
 Sticky Flame             Conj/Fire      13%        2d4       86%         4
 Airstrike                Air            3%         2d(1-17)  98%         4
 Dispel Undead            Necr           6%         3d8       98%         4
 Olgreb's Toxic Radiance  Pois           6%         N/A       98%         4
 Petrify                  Tmut/Erth      6%         N/A       98%         4
 Alistair's Intoxication  Tmut/Pois      4%         N/A       100%        5
 Borgnjor's Vile Clutch   Necr/Erth      3%         N/A       100%        5
 Freezing Cloud           Conj/Ice/Air   3%         6-21      100%        5
 Irradiate                Conj/Tmut      3%         3d12      100%        5
 Lee's Rapid Deconstruct  Erth           3%         3d5*      100%        5
 Eringya's Noxious Bog    Tmut/Pois      3%         4d6       100%        6
 Leda's Unmaking          Conj/Erth      3%         9d1       100%        6
 Plasma Beam              Fire/Air       6%         2x1d17    100%        6
 Orb of Destruction       Conj           3%         9d5       100%        7
 Ozocubu's Refrigeration  Ice            3%         4d8       100%        7
 Polar Vortex             Ice            3%         N/A       100%        9
 Tukima's Dance           Hex            Unusable   N/A       N/A         3
 Summon Guardian Golem    Hex/Summ       Unusable   N/A       N/A         3
 Summon Small Mammal      Summ           Unusable   N/A       N/A         1
 Call Imp                 Summ           Unusable   N/A       N/A         2
 Call Canine Familiar     Summ           Unusable   N/A       N/A         3
 Animate Armour           Summ/Erth      Unusable   N/A       N/A         4
 Summon Lightning Spire   Summ/Air       Unusable   N/A       N/A         4
 Death Channel            Necr           Unusable   N/A       N/A         6
 Simulacrum               Ice/Necr       Unusable   N/A       N/A         6
 Summon Cactus Giant      Summ           Unusable   N/A       N/A         6
 Spellforged Servitor     Conj/Summ      Unusable   N/A       N/A         7
 Summon Hydra             Summ           Unusable   N/A       N/A         7

Dungeon Overview and Level Annotations

Branches:
Dungeon (15/15)            Temple (0/1) D:6            Lair (5/5) D:10
  Swamp (4/4) Lair:2       Spider (4/4) Lair:3        Slime (0/5) Lair:4
    Orc (2/2) D:10            Elf (3/3) Orc:2        Vaults (5/5) D:13
  Crypt (0/3) Vaults:2     Depths (4/4) D:15            Zot (5/5) Depths:4
  IceCv (visited)          WizLab (visited)         Gauntlet (visited)

Altars:
Ashenzari
Dithmenos
Elyvilon
Gozag
Kikubaaqudgha
Makhleb
Qazlal
Ru
Sif Muna
Vehumet
Xom
Zin
The Shining One

Shops:
D:1 !   D:2 (   D:4 ?   D:5 *   D:8 (   Orc:2 :[?[   Elf:1 ?!?*   Vaults:2 *
Zot:1 *   Depths:2 =*

Portals:
Hell: Depths:1 Depths:2 Depths:3
Abyss: Depths:1 Depths:3 Depths:4
Pandemonium: Depths:2
Ziggurat: Depths:1

Annotations:
Swamp:4 3 runed translucent doors, Ozxa's ghost, adept DjCA
Spider:2 1 runed translucent door, bobo's ghost, adept DrSh
Elf:2 3 runed translucent doors, Zenata


Innate Abilities, Weirdness & Mutations

Your serpentine skin is tough. (AC +7)
You have supernaturally acute eyesight. (SInv)
Armour fits poorly on your strangely shaped body.
Your system is resistant to poisons. (rPois)
You cover ground very slowly.
You can spit poison.
You cannot be stealthy.
You are hated by all.
You are extremely inexperienced. (-3 XL)
You can use your snake-like lower body to constrict enemies.
You have sharp fingernails.
Your mind is acute. (Int +4, Str/Dex -1)
Your magical capacity is low. (-10% MP)
You are robust. (+10% HP)
You occasionally shout uncontrollably at your foes.
You occasionally lose the ability to drink potions when taking damage.
You passively dampen the noise of your surroundings.


Message History

A hell beast comes into view.
You shoot a bolt. The bolt hits the hell beast!!!!
You kill the hell beast!
What level of the Dungeon? (default 1, ? - help)
A neqoxec comes into view.
The neqoxec shouts!
You shoot a bolt. The bolt hits the neqoxec!!!
You kill the neqoxec!
What level of the Dungeon? (default 1, ? - help)
You see here a +0 club.
There is a stone staircase leading up here.
You climb upwards.
There is a stone staircase leading down here.
You see here a +0 mace.
You see here a +0 falchion.
There is a stone staircase leading up here.
You climb upwards.
There is a stone staircase leading down here.
There is a stone staircase leading up here.
You climb upwards.
There is a stone staircase leading down here.
An Orb Guardian comes into view.
You yell at the Orb Guardian!
You shoot a bolt. The bolt hits the Orb Guardian!!!!!
You kill the Orb Guardian!
What level of the Dungeon? (default 1, ? - help)
There is a stone staircase leading up, spattered with blood here.
Things that are here:
a +0 animal skin; a +0 falchion; a potion of degeneration You climb upwards.
There is a stone staircase leading down here.
You yell at the reaper!
A reaper comes into view. It is wielding a +4 scythe of freezing.
You shoot a bolt. The bolt hits the reaper!!
The reaper is moderately wounded.
You shoot a bolt. The bolt hits the reaper!!!!
You kill the reaper!
There is an open door here.
There is a staircase leading out of the dungeon here.
You have escaped!

#.....[.##...###
##.........###
#########....####
#####⌠######.##
##♣.⌠_⌠.♣###.# ####
##.......###.### #.^.
##♣..>..♣###...## #...
##############..# #...
##...@...## ##.###...
##.......## #..###.#
##⌠.P.P.⌠## ##......
#####.#.#.##### ##.....
#..##+#'#+##..# #...#.
#.............# ###...#.
#..........######.....#.
#..........# #..##.##.
#..........# #........


There were no monsters in sight!

Vanquished Creatures
  A dread lich (Vaults:5)
  4 ancient liches
  9 orbs of fire
  A juggernaut (Depths:3)
  Sojobo (Depths:4)
  3 Killer Klowns (Zot:5)
  7 golden dragons
  Nikola (Depths:2)
  A profane servitor (Depths:4)
  the Enchantress (Depths:1)
  A bone dragon (Depths:4)
  3 electric golems
  A Tzitzimitl (D:15)
  Jorgrun (D:15)
  A walking earthen tome (Depths:2)
  A Hell Sentinel (Zot:1)
  Rupert (D:13)
  An Ice Fiend (D:9)
  A walking crystal tome (WizLab)
  Mlioglotl (Swamp:3)
  11 quicksilver dragons
  13 tentacled monstrosities
  6 liches
  Asterion (Spider:1)
  2 titans (Vaults:5)
  2 deep elf blademasters (Elf:3)
  27 Orb Guardians
  2 deep elf master archers (Elf:3)
  7 sphinxes
  A walking frostbound tome (Depths:3)
  9 death cobs
  An acid blob (shapeshifter) (Vaults:5)
  Kirke (Elf:1)
  7 tengu reavers
  A thorn hunter (Swamp:3)
  The ghost of Daifof the Impaler, an adept MfFi of Hepliaklqana (Spider:4)
  10 shadow dragons
  Aizul (Spider:4)
  3 draconian monks
  Roxanne (Swamp:1)
  A fenstrider witch (Swamp:4)
  2 strange machines (WizLab)
  An azure jelly (Swamp:4)
  11 storm dragons
  10 frost giants
  3 draconian knights
  4 fire giants
  2 iron dragons (Vaults:5)
  13 vault wardens
  5 deep elf elementalists (Elf:3)
  9 deep elf sorcerers
  5 ghost moths
  5 emperor scorpions
  Louise (Swamp:1)
  4 spectral caustic shrikes (Depths:3)
  2 draconian scorchers
  A balrug (Zot:1)
  5 draconian annihilators
  A cacodemon (D:15)
  2 orc warlords
  A demonspawn blood saint (D:15)
  2 war gargoyles
  4 draconian stormcallers
  A caustic shrike skeleton (Depths:3)
  2 broodmothers
  3 reapers
  4 ironbound thunderhulks
  15 ironbound preservers
  12 stone giants
  3 eleionomae
  9 very ugly things
  3 spriggan defenders (Depths:1)
  A vampire knight (Depths:4)
  8 deep elf annihilators
  Nessos (Orc:2)
  A minotaur (Gauntlet)
  2 bunyips
  10 green draconians
  5 deep elf demonologists
  9 black draconians
  11 dire elephants
  The ghost of dxb338 the Metamorph, a journeyman FeSh of Wu Jian (D:15)
  Azrael (D:12)
  11 red draconians
  The ghost of mdonais the Skirmisher, a journeyman OpHu of Uskayaw (Orc:2)
  9 spark wasps
  9 yellow draconians
  5 white draconians
  5 purple draconians
  21 ettins
  A green death (Gauntlet)
  4 deep elf death magi
  A blizzard demon (Depths:2)
  A crystal guardian (Vaults:3)
  A merfolk javelineer (Depths:2)
  9 entropy weavers
  Josephine (Lair:5)
  5 great orbs of eyes
  A merfolk impaler (Depths:2)
  5 fire dragons
  30 vault guards
  10 deep elf high priests
  17 yaktaur captains
  A hell beast (D:5)
  8 hydras
  10 rakshasas
  5 radroaches
  4 catoblepae
  8 ice dragons
  A sphinx zombie (Vaults:5)
  2 ghost crabs
  5 spriggan air magi
  6 ogre magi
  Erica (Orc:1)
  2 peacekeepers
  15 two-headed ogres
  4 alligators
  6 ironbound frosthearts
  4 boulder beetles
  2 deep troll shamans
  9 deep troll earth magi
  8 centaur warriors
  An orc high priest (D:9)
  5 tengu warriors
  12 demonic crawlers
  Urug (Lair:1)
  12 death yaks
  A spriggan berserker (Depths:1)
  9 deep elf knights
  Sonja (Lair:5)
  14 spriggans
  A storm dragon zombie (Depths:3)
  10 hell knights
  A soul eater (Depths:2)
  3 sun demons
  3 skysharks (Lair:5)
  Amaemon (D:9)
  10 iron trolls
  A death drake (Swamp:4)
  2 flayed ghosts (Vaults:5)
  4 pharaoh ants
  A sea snake (shapeshifter) (Elf:3)
  3 sun moths
  4 goliath frogs
  2 shadow wraiths (Vaults:5)
  5 swamp dragons
  5 glowing orange brains
  A spark wasp zombie (Depths:1)
  39 deep trolls
  2 spriggan druids
  15 orb spiders
  16 ironbound convokers
  16 lindwurms
  6 deep elf archers
  A shadow dragon zombie (Depths:1)
  6 orc knights
  3 phantasmal warriors
  2 steelbarb worms (Spider:4)
  3 spriggan simulacra (IceCv)
  An obsidian statue (IceCv)
  3 harpies (Vaults:1)
  20 wizards
  An orange crystal statue (IceCv)
  19 deep elf pyromancers
  3 bog bodies
  6 necromancers
  Pikel (D:8)
  31 ugly things
  A wolf spider (shapeshifter) (Vaults:5)
  12 deep elf zephyrmancers
  22 wolf spiders
  A shadow dragon skeleton (Depths:3)
  11 orc sorcerers
  15 moths of wrath
  5 cyclopes
  5 manticores
  7 will-o-the-wisps
  A human zombie (Vaults:5)
  9 elephants
  Joseph (D:7)
  Maurice (D:9)
  A frost giant skeleton (Depths:1)
  3 black mambas (Lair:4)
  A molten gargoyle (Lair:1)
  22 vault sentinels
  6 cane toads
  A torpor snail (Spider:3)
  5 orange demons
  A cane toad (shapeshifter) (Vaults:5)
  3 kobold demonologists (D:9)
  2 rime drakes
  9 komodo dragons
  Psyche (D:9)
  A rime drake (shapeshifter) (Vaults:5)
  14 freezing wraiths
  42 yaktaurs
  A tormentor (D:15)
  An efreet (D:14)
  19 dancing weapons
  An anaconda simulacrum (IceCv)
  3 ice devils
  7 tengu conjurers
  2 golden dragon simulacra (IceCv)
  A queen bee (Lair:4)
  A queen bee (shapeshifter) (Vaults:5)
  3 trolls
  6 tyrant leeches
  A bloated husk (Swamp:1)
  12 hornets
  3 polar bears
  9 meliai
  34 tarantellas
  10 blink frogs
  An ettin zombie (Depths:1)
  A raiju (Spider:3)
  A snapping turtle (shapeshifter) (Vaults:5)
  35 slime creatures
  A spriggan skeleton (Depths:1)
  22 culicivoras
  A dire elephant simulacrum (IceCv)
  2 culicivoras (shapeshifter) (Vaults:5)
  28 jumping spiders
  3 shadows
  7 wraiths
  An air elemental (Elf:3)
  5 water elementals
  A centaur simulacrum (D:15)
  3 vampires
  8 basilisks
  2 wyverns
  5 hogs (Elf:1)
  3 fire elementals (D:12)
  46 yaks
  2 neqoxecs
  Grum (D:9)
  5 swamp worm simulacra (Swamp:4)
  A human (Elf:1)
  7 vampire mosquitoes
  72 redbacks
  The ghost of ytrimaz the Ducker, an amateur MfSh (D:4)
  3 minotaur simulacra (IceCv)
  12 wargs
  19 swamp worms
  A harpy simulacrum (IceCv)
  A glowing shapeshifter zombie (Vaults:5)
  2 acid dragons
  13 hydra simulacra (Swamp:4)
  24 water moccasins
  3 hell hounds (D:12)
  A swamp drake (Swamp:3)
  12 orc warriors
  An ice beast (D:6)
  11 ogres
  4 black bears (Lair:4)
  5 boggarts (Vaults:3)
  21 wolves
  17 centaurs
  3 phantoms
  2 kobold brigands
  11 bullfrogs
  2 gnoll sergeants (D:9)
  2 earth elementals (Elf:3)
  4 deep troll simulacra (IceCv)
  4 scorpions
  3 wights (D:8)
  37 killer bees
  3 electric eels
  6 howler monkeys
  A human simulacrum (Vaults:5)
  3 jellies (D:4)
  13 hounds
  18 orc priests
  2 gnoll boudas (D:9)
  A sleepcap (D:6)
  Jessica (D:2)
  6 iguanas
  Natasha (D:2)
  32 orc wizards
  Robin (D:2)
  8 adders
  13 gnolls
  3 river rats (D:5)
  3 shadow imps
  An ufetubus (D:3)
  3 swamp drake simulacra (Swamp:4)
  3 worms
  2 dart slugs
  68 orcs
  A ball python (D:4)
  5 bats
  4 endoplasms
  5 giant cockroaches
  18 goblins
  14 hobgoblins
  6 jackals
  2 quokkas (D:1)
  4 frilled lizards
  13 kobolds
  3 rats
1966 creatures vanquished.

Vanquished Creatures (others)
  A tentacled monstrosity (Swamp:3)
  Frances (Swamp:1)
  Donald (Swamp:2)
  A vault warden (Vaults:4)
  A fire giant (Depths:3)
  A bunyip (Swamp:2)
  A purple draconian (Zot:2)
  A centaur warrior (D:13)
  A hydra (Swamp:2)
  A deep troll shaman (Depths:1)
  A deep elf knight (Elf:1)
  2 deep trolls (Depths:1)
  A steelbarb worm (Spider:2)
  A deep elf pyromancer (Elf:3)
  A lindwurm (Vaults:2)
  A yaktaur (Vaults:5)
  A komodo dragon (D:10)
  A hornet (Spider:4)
  2 wraiths
  A centaur (D:9)
  A hound (D:9)
  An orc (Orc:2)
  20 foxfires
44 creatures vanquished.

Grand Total: 2010 creatures vanquished

Notes
Turn   | Place    | Note
-------+----------+-------------------------------------------
     0 | D:1      | Midn8 the Naga Hexslinger began the quest for the Orb.
     0 | D:1      | Reached XP level 1. HP: 18/18 MP: 2/2
    18 | D:1      | Reached skill level 2 in Ranged Weapons
    61 | D:1      | Reached XP level 2. HP: 25/25 MP: 3/3
   109 | D:1      | Found Afrisa's Distillery.
   350 | D:1      | Reached skill level 3 in Ranged Weapons
   422 | D:1      | Reached XP level 3. HP: 24/31 MP: 4/4
   655 | D:2      | Found Juwev's Weapon Emporium.
   670 | D:2      | Noticed Robin
   675 | D:2      | Killed Robin
   707 | D:2      | Reached XP level 4. HP: 31/38 MP: 5/5
   828 | D:2      | Reached skill level 4 in Ranged Weapons
   843 | D:2      | Identified the ring of Cheibriados's Regard {Str+6 Stlth+}
   965 | D:1      | Prayed at the altar of an unknown god.
   965 | D:1      | Became a worshipper of Ru the Awakened
   966 | D:1      | Gained mutation: You are somewhat inexperienced. (-1 XL)
                  | [Ru sacrifice]
   966 | D:1      | Reached XP level 3. HP: 31/31 MP: 4/4
   966 | D:1      | Reached * piety under Ru
   974 | D:2      | Noticed Jessica
   987 | D:2      | Killed Jessica
   988 | D:2      | Reached XP level 4. HP: 22/38 MP: 5/5
  1213 | D:2      | Noticed Natasha
  1221 | D:2      | Killed Natasha
  1553 | D:3      | Reached skill level 5 in Ranged Weapons
  2063 | D:3      | Found a glowing silver altar of Zin.
  2063 | D:3      | Found an opulent altar of Gozag.
  2297 | D:4      | Noticed ytrimaz's ghost (amateur MfSh)
  2300 | D:4      | Found a runed translucent door.
  2394 | D:4      | Reached XP level 5. HP: 44/44 MP: 6/6
  2879 | D:4      | Reached skill level 6 in Ranged Weapons
  2882 | D:4      | Identified the scarf "Poim" {harm, rPois rF+ Will- rCorr}
  3110 | D:4      | Reached XP level 6. HP: 56/56 MP: 7/7
  3235 | D:4      | Found The Oracle's Delphic Readings.
  3239 | D:4      | Bought a scroll of identify for 22 gold pieces
  3239 | D:4      | Bought a scroll of immolation for 44 gold pieces
  3361 | D:4      | Found a shimmering blue altar of Sif Muna.
  3362 | D:4      | Found a shadowy altar of Dithmenos.
  3454 | D:5      | Entered Level 5 of the Dungeon
  3624 | D:5      | Found Ybeozace's General Store.
  3829 | D:5      | Reached skill level 7 in Ranged Weapons
  3873 | D:5      | Bought a potion of resistance for 120 gold pieces
  3980 | D:5      | Gained mutation: You are inexperienced. (-2 XL) [Ru
                  | sacrifice]
  3980 | D:5      | Reached XP level 5. HP: 49/49 MP: 6/6
  3980 | D:5      | Reached ** piety under Ru
  3980 | D:5      | Reached *** piety under Ru
  4199 | D:5      | Reached XP level 6. HP: 15/56 MP: 7/7
  4412 | D:5      | Reached skill level 8 in Ranged Weapons
  4417 | D:5      | Learned a level 4 spell: Cause Fear
  4992 | D:5      | Reached skill level 5 in Hexes
  5413 | D:5      | Found an ancient bone altar of Kikubaaqudgha.
  5860 | D:6      | Found a staircase to the Ecumenical Temple.
  5963 | D:6      | Reached XP level 7. HP: 52/66 MP: 8/10
  6035 | D:6      | Reached skill level 5 in Fighting
  6052 | D:6      | Learned a level 3 spell: Inner Flame
  6701 | D:7      | Noticed Joseph
  6758 | D:7      | Noticed a cyclops
  6919 | D:7      | Found a glowing golden altar of the Shining One.
  6921 | D:7      | Noticed an angel
  6928 | D:7      | Found a basalt altar of Yredelemnul.
  6930 | D:7      | Noticed a profane servitor
  7117 | D:7      | Killed a cyclops
  7182 | D:7      | Gained mutation: You are hated by all. [Ru sacrifice]
  7182 | D:7      | Reached **** piety under Ru
  7182 | D:7      | Reached ***** piety under Ru
  7320 | D:7      | Found a burning altar of Makhleb.
  7413 | D:7      | Reached skill level 9 in Ranged Weapons
  7648 | D:7      | Killed Joseph
  8042 | D:8      | Reached skill level 10 in Ranged Weapons
  8087 | D:8      | Reached XP level 8. HP: 75/75 MP: 8/14
  8352 | D:8      | Found a white marble altar of Elyvilon.
  8769 | D:8      | Found Nufeonur's Weapon Emporium.
  8777 | D:8      | Bought a +2 shortbow of draining for 208 gold pieces
  8842 | D:8      | Found a stormy altar of Qazlal.
  9078 | D:9      | Noticed Amaemon
  9116 | D:9      | Noticed a kobold demonologist
  9116 | D:9      | Noticed a kobold demonologist
  9116 | D:9      | Noticed an orc high priest
  9116 | D:9      | Found a transporter.
  9117 | D:9      | Found a transporter.
  9160 | D:9      | Noticed an orange demon
  9176 | D:9      | Killed Amaemon
  9186 | D:9      | Killed an orange demon
  9664 | D:9      | Gained mutation: You cannot be stealthy. [Ru sacrifice]
  9751 | D:9      | Noticed Pikel
  9765 | D:8      | Killed Pikel
  9961 | D:9      | Noticed a two-headed ogre
  9967 | D:9      | Killed a two-headed ogre
  9968 | D:9      | Reached XP level 9. HP: 91/91 MP: 11/15
  9989 | D:9      | Noticed Psyche
  9994 | D:9      | Killed Psyche
 10337 | D:9      | Noticed Grum
 10347 | D:9      | Killed Grum
 10394 | D:9      | Noticed Maurice
 10415 | D:9      | Killed Maurice
 10416 | D:9      | Reached skill level 11 in Ranged Weapons
 10486 | D:10     | Entered Level 10 of the Dungeon
 10546 | D:10     | Found a staircase to the Lair.
 10710 | D:10     | Found a staircase to the Orcish Mines.
 10765 | D:10     | Noticed a two-headed ogre
 10772 | D:10     | Killed a two-headed ogre
 10916 | D:10     | Noticed a two-headed ogre
 10926 | D:10     | Killed a two-headed ogre
 10927 | D:10     | Reached skill level 12 in Ranged Weapons
 11421 | D:10     | Found a broken altar of Ashenzari.
 11679 | Lair:1   | Entered Level 1 of the Lair of Beasts
 11679 | Lair:1   | Noticed Urug
 11688 | Lair:1   | Killed Urug
 11712 | Lair:1   | Gained mutation: You are extremely inexperienced. (-3 XL)
                  | [Ru sacrifice]
 11712 | Lair:1   | Reached XP level 8. HP: 85/85 MP: 14/14
 11712 | Lair:1   | Reached ****** piety under Ru
 11816 | Lair:1   | Reached skill level 1 in Fire Magic
 12041 | Lair:1   | Reached XP level 9. HP: 65/87 MP: 6/15
 12075 | Lair:1   | Reached skill level 10 in Fighting
 12784 | Lair:2   | Noticed a four-headed hydra
 12791 | Lair:2   | Killed a four-headed hydra
 13096 | Lair:2   | Reached skill level 13 in Ranged Weapons
 13177 | Lair:2   | Found a staircase to the Swamp.
 13528 | Lair:3   | Noticed a boulder beetle
 13544 | Lair:3   | Killed a boulder beetle
 13621 | Lair:3   | Reached skill level 14 in Ranged Weapons
 13621 | Lair:3   | Reached skill level 1 in Evocations
 13621 | Lair:3   | Reached XP level 10. HP: 89/100 MP: 7/16
 14122 | Lair:3   | You fall into a shaft and drop 2 floors!
 14122 | Lair:5   | Entered Level 5 of the Lair of Beasts
 14484 | Lair:5   | Noticed Sonja
 14492 | Lair:5   | Reached skill level 5 in Evocations
 14529 | Lair:5   | Killed Sonja
 14758 | Lair:5   | Noticed Josephine
 14766 | Lair:5   | Killed Josephine
 15700 | Lair:3   | Found a hole to the Spider Nest.
 16094 | Lair:4   | Found a staircase to the Slime Pits.
 16430 | Lair:4   | Learned a level 3 spell: Portal Projectile
 16937 | Lair:4   | Reached skill level 5 in Dodging
 17009 | Lair:4   | Reached XP level 11. HP: 105/117 MP: 17/17
 17772 | Lair:5   | Identified a scroll of acquirement
 17773 | Lair:5   | Acquired the +1 pair of gloves of Inun {rC+ Regen+ MP+9
                  | Str+3}
 18446 | Lair:5   | Got Maofaziott's Grimoire of the Arenous Sun
 18529 | Lair:5   | Reached skill level 15 in Ranged Weapons
 20063 | D:12     | Noticed Azrael
 20083 | D:12     | Killed Azrael
 20382 | D:13     | Found a gate to the Vaults.
 20419 | D:13     | Reached skill level 16 in Ranged Weapons
 20428 | D:13     | Reached skill level 1 in Armour
 20669 | D:13     | Noticed Rupert
 20675 | D:13     | Killed Rupert
 20676 | D:13     | Reached XP level 12. HP: 107/114 MP: 18/18
 21148 | D:14     | Reached skill level 5 in Armour
 21661 | Orc:1    | Entered Level 1 of the Orcish Mines
 21728 | Orc:1    | Noticed Erica
 21736 | Orc:1    | Killed Erica
 22228 | Orc:2    | Entered Level 2 of the Orcish Mines
 22228 | Orc:2    | Found a staircase to the Elven Halls.
 22279 | Orc:2    | Found a gate leading to a gauntlet.
 22288 | Gauntlet | Entered a Gauntlet
 22288 | Gauntlet | Found a transporter.
 22295 | Gauntlet | Found a transporter.
 22297 | Gauntlet | Found a transporter.
 22310 | Gauntlet | Found a transporter.
 22311 | Gauntlet | Found a transporter.
 22323 | Gauntlet | Found a transporter.
 22336 | Gauntlet | Found a runed translucent door.
 22338 | Gauntlet | Found a transporter.
 22349 | Gauntlet | Found a transporter.
 22351 | Gauntlet | Found a runed translucent door.
 22355 | Gauntlet | Found a transporter.
 22355 | Gauntlet | Found a transporter.
 22365 | Gauntlet | Found a transporter.
 22379 | Gauntlet | Found a transporter.
 22402 | Gauntlet | Found a transporter.
 22404 | Gauntlet | Found a transporter.
 22606 | Gauntlet | Got the Writings on Blight and Mud
 22662 | Gauntlet | Identified the +0 cloak of Philately {rF+}
 22814 | Gauntlet | Identified the +4 halberd "Hell-Harrower" {drain, rC+ Int+3
                  | Dex+2}
 22816 | Gauntlet | Acquired the scarf "Baexoor" {harm, +Inv Dex+4 Stlth+}
 22876 | Orc:2    | Found a gateway to a bazaar.
 22890 | Orc:2    | Noticed an orc warlord
 22935 | Orc:2    | Killed an orc warlord
 23118 | Orc:2    | Noticed Nessos
 23126 | Orc:2    | Killed Nessos
 23182 | Orc:2    | Found a transporter.
 23278 | Orc:2    | Found Iloac's Book Shoppe.
 23289 | Orc:2    | Bought an Inescapable Atlas for 192 gold pieces
 23292 | Orc:2    | Learned a level 2 spell: Blink
 23324 | Orc:2    | Found an ancient bone altar of Kikubaaqudgha.
 23384 | Orc:2    | Found a radiant altar of Vehumet.
 23417 | Orc:2    | Paralysed by an orc sorcerer for 2 turns
 23456 | Orc:2    | Found Sononk's Magic Scroll Emporium.
 23481 | Orc:2    | Found Jommad Loc's Antique Armour Emporium.
 23483 | Orc:2    | Bought a scroll of amnesia for 68 gold pieces
 23483 | Orc:2    | Bought a scroll of identify for 34 gold pieces
 23490 | Orc:2    | Found Fyale's Antique Armour Shoppe.
 23573 | Orc:2    | Found a transporter.
 23573 | Orc:2    | Noticed mdonais's ghost (journeyman OpHu)
 23835 | Bazaar   | Entered a bazaar
 23835 | Bazaar   | Found Imas's Book Shop.
 23835 | Bazaar   | Found Dap Feug's Weapon Emporium.
 23835 | Bazaar   | Found Sureg's Antique Armour Shop.
 23835 | Bazaar   | Found Esoiseb's Antique Armour Shoppe.
 23837 | Bazaar   | Found Teqad's Jewellery Boutique.
 23882 | Bazaar   | Bought a crude robe for 102 gold pieces
 23882 | Bazaar   | Identified the +1 robe "Luulunu" {MP-9 Dex+5} (You bought
                  | it in a shop in a bazaar)
 23893 | Bazaar   | Bought an embroidered cloak for 240 gold pieces
 23901 | Bazaar   | Bought the brooch of Shielding {Spirit SH+8} for 585 gold
                  | pieces
 23901 | Bazaar   | Found the brooch of Shielding {Spirit SH+8}
 23901 | Bazaar   | Bought a +4 ring of slaying for 702 gold pieces
 24061 | D:15     | Entered Level 15 of the Dungeon
 24157 | D:15     | Found a large runed translucent door.
 24158 | D:15     | Found a large runed translucent door.
 24161 | D:15     | Noticed dxb338's ghost (journeyman FeSh)
 24230 | D:15     | Reached skill level 15 in Fighting
 24233 | D:15     | Reached skill level 1 in Translocations
 24395 | D:15     | Noticed Jorgrun
 24401 | D:15     | Killed Jorgrun
 24579 | D:15     | Reached skill level 5 in Spellcasting
 24645 | D:15     | Found a staircase to the Depths.
 25092 | Swamp:1  | Entered Level 1 of the Swamp
 25092 | Swamp:1  | Noticed Louise
 25110 | Swamp:1  | Killed Louise
 25115 | Swamp:1  | Gained mutation: You can use your snake-like lower body to
                  | constrict enemies. [Naga growth]
 25115 | Swamp:1  | Reached XP level 13. HP: 112/138 MP: 19/22
 25137 | Swamp:1  | Found a frozen archway.
 25141 | IceCv    | Entered an ice cave
 25778 | Swamp:1  | You fall into a shaft and drop 1 floor!
 26043 | Swamp:2  | Noticed Donald
 26049 | Swamp:2  | Killed Donald
 26358 | Swamp:1  | Identified the +1 longbow of Plague {antimagic, rC+}
 26436 | Swamp:1  | Noticed Roxanne
 26453 | Swamp:1  | Killed Roxanne
 26864 | Swamp:1  | Noticed Frances
 26869 | Swamp:1  | Killed Frances
 27258 | Orc:2    | Bought a book of Cantrips for 144 gold pieces
 27260 | Orc:2    | Learned a level 1 spell: Apportation
 27522 | Swamp:3  | Noticed a thorn hunter
 27529 | Swamp:3  | Killed a thorn hunter
 27530 | Swamp:3  | Reached skill level 17 in Ranged Weapons
 27558 | Swamp:3  | Noticed a tentacled monstrosity
 27565 | Swamp:3  | Killed a tentacled monstrosity
 27584 | Swamp:3  | Noticed Mlioglotl
 27596 | Swamp:3  | Killed Mlioglotl
 27906 | Swamp:4  | Entered Level 4 of the Swamp
 28017 | Swamp:4  | Reached XP level 14. HP: 135/147 MP: 24/24
 28144 | Swamp:4  | Reached skill level 18 in Ranged Weapons
 28269 | Swamp:4  | Got a decaying rune of Zot
 28330 | Swamp:4  | Found a runed translucent gate.
 28331 | Swamp:4  | Found a runed translucent gate.
 28331 | Swamp:4  | Found a runed translucent gate.
 28335 | Swamp:4  | Noticed Ozxa's ghost (adept DjCA)
 28919 | Spider:1 | Entered Level 1 of the Spider Nest
 29095 | Spider:1 | Identified the +4 kite shield of Ymietaef {rElec rPois
                  | Will+ rCorr}
 29095 | Spider:1 | Noticed Asterion
 29107 | Spider:1 | Killed Asterion
 30658 | Spider:2 | You fall into a shaft and drop 1 floor!
 30918 | Spider:2 | Found the amulet of the Air {Inacc Air Fly rElec RMsl}
 30973 | Spider:2 | Found a runed translucent door.
 30975 | Spider:2 | Found a shimmering altar of Xom.
 30975 | Spider:2 | Noticed bobo's ghost (adept DrSh)
 30975 | Spider:2 | Identified the +8 quarterstaff "Giukk" {chaos, rElec Dex+3}
 30991 | Spider:2 | Reached XP level 15. HP: 157/157 MP: 25/25
 31947 | Spider:2 | Reached skill level 19 in Ranged Weapons
 32675 | Spider:4 | Entered Level 4 of the Spider Nest
 32937 | Spider:4 | Noticed Aizul
 32956 | Spider:4 | Killed Aizul
 33380 | Spider:4 | Found a large runed translucent door.
 33382 | Spider:4 | Found a large runed translucent door.
 33384 | Spider:4 | Noticed Daifof's ghost (adept MfFi)
 33384 | Spider:4 | Found the +2 Maxwell's thermic engine {flame, freeze, rev}
 33411 | Spider:4 | Killed Daifof's ghost
 33412 | Spider:4 | Reached skill level 20 in Ranged Weapons
 33691 | Spider:4 | Reached skill level 10 in Hexes
 33931 | Spider:4 | Identified the -1 hat of Bejasute {rF+ Int+2}
 33960 | Spider:4 | Got a gossamer rune of Zot
 34332 | D:15     | Killed dxb338's ghost
 34572 | D:4      | Killed ytrimaz's ghost
 34911 | Orc:2    | Killed mdonais's ghost
 35123 | Vaults:1 | Entered Level 1 of the Vaults
 35170 | Vaults:1 | Reached XP level 16. HP: 147/147 MP: 26/26
 35642 | Vaults:1 | Acquired the +27 heavy crossbow "Sniper" {heavy, Acc+∞
                  | SInv}
 35642 | Vaults:1 | Found the +27 heavy crossbow "Sniper" {heavy, Acc+∞ SInv}
 36003 | Vaults:1 | Reached skill level 10 in Armour
 36760 | Vaults:2 | Found Vykhayme's General Store.
 36763 | Vaults:2 | Bought a lightning rod (4/4) for 640 gold pieces
 36932 | Vaults:2 | Found a staircase to the Crypt.
 36933 | Vaults:2 | Found an ancient bone altar of Kikubaaqudgha.
 37960 | Vaults:3 | Reached XP level 17. HP: 161/178 MP: 27/27
 38432 | Vaults:4 | Identified the +5 chain mail "Lokhuhun" {Int+3}
 38857 | Vaults:4 | Reached skill level 21 in Ranged Weapons
 38925 | Vaults:4 | Found a flickering gateway to a bazaar.
 38934 | Bazaar   | Entered a bazaar
 38950 | Bazaar   | Found Jikiud's Antique Weapon Emporium.
 38951 | Bazaar   | Found Sios Fucamui's Distillery.
 38996 | Bazaar   | Found Rit Bid's General Store.
 38996 | Bazaar   | Found Qopneqev's Book Shoppe.
 39036 | Bazaar   | Bought a potion of heal wounds for 75 gold pieces
 39036 | Bazaar   | Bought a potion of resistance for 150 gold pieces
 39036 | Bazaar   | Bought a potion of resistance for 150 gold pieces
 39036 | Bazaar   | Bought a potion of cancellation for 120 gold pieces
 39056 | Bazaar   | Bought 2 potions of curing for 84 gold pieces
 39056 | Bazaar   | Bought a scroll of fear for 56 gold pieces
 39715 | Depths:1 | Entered Level 1 of the Depths
 39769 | Depths:1 | Found a one-way gateway to a ziggurat.
 39879 | Depths:1 | Noticed the Enchantress
 39883 | Depths:1 | Killed the Enchantress
 39946 | Depths:1 | Gained mutation: You have hidden genetic defects. [potion
                  | of mutation]
 39946 | Depths:1 | Gained mutation: You are strong-willed. (Will+) [potion of
                  | mutation]
 39947 | Depths:1 | Lost mutation: You are strong-willed. (Will+) [potion of
                  | mutation]
 39947 | Depths:1 | Lost mutation: You have hidden genetic defects. [potion of
                  | mutation]
 39947 | Depths:1 | Gained mutation: You are partially covered in iridescent
                  | scales. (AC +2) [potion of mutation]
 40004 | Depths:1 | Reached skill level 22 in Ranged Weapons
 40014 | Depths:1 | Learned a level 7 spell: Enfeeble
 40199 | Depths:1 | Found a one-way gate to the infinite horrors of the Abyss.
 40356 | Depths:1 | Found a shimmering altar of Xom.
 40358 | Depths:1 | Found a shimmering altar of Xom.
 40359 | Depths:1 | Found a shimmering altar of Xom.
 40370 | Depths:1 | Found a shimmering altar of Xom.
 40370 | Depths:1 | Found a shimmering altar of Xom.
 40372 | Depths:1 | Found a shimmering altar of Xom.
 40390 | Depths:1 | Reached XP level 18. HP: 188/188 MP: 28/28
 40903 | Depths:1 | Found a gateway to Hell.
 41112 | Depths:2 | Found Hax Tuhe's Jewellery Emporium.
 41130 | Depths:2 | Noticed Nikola
 41134 | Depths:2 | Killed Nikola
 41376 | Depths:2 | Reached skill level 10 in Evocations
 41536 | Depths:2 | Found Vinya's General Store.
 41544 | Depths:2 | Bought a scroll of acquirement for 988 gold pieces
 41817 | Depths:2 | Gained mutation: You do not regenerate when monsters are
                  | visible. [a neqoxec]
 41836 | Depths:2 | Found a one-way gate leading to the halls of Pandemonium.
 41839 | Depths:2 | Lost mutation: You are partially covered in iridescent
                  | scales. (AC +2) [potion of mutation]
 41839 | Depths:2 | Lost mutation: You do not regenerate when monsters are
                  | visible. [potion of mutation]
 41839 | Depths:2 | Gained mutation: You are partially covered in iridescent
                  | scales. (AC +2) [potion of mutation]
 41839 | Depths:2 | Gained mutation: Your muscles are strong. (Str +4, Int/Dex
                  | -1) [potion of mutation]
 42226 | Depths:3 | Found a magical portal.
 42244 | WizLab   | Entered Tukima's Studio
 42336 | WizLab   | Noticed Midn8's illusion
 42338 | WizLab   | Reached skill level 23 in Ranged Weapons
 42355 | WizLab   | Identified the +0 barding "Targhe" {Str+3 Int+2}
 42498 | Depths:3 | Reached XP level 19. HP: 195/195 MP: 29/29
 42941 | Depths:3 | Noticed a golden dragon
 42944 | Depths:3 | Killed a golden dragon
 43163 | Depths:3 | Noticed a juggernaut
 43169 | Depths:3 | Killed a juggernaut
 43170 | Depths:3 | Reached skill level 24 in Ranged Weapons
 43181 | Depths:3 | Identified the +4 long sword "Qeal Xao" {freeze, +Blink Fly
                  | Dex+2}
 43187 | Depths:3 | Identified the +1 rapier of Symmetry {spect, *Noise rPois
                  | Will++ Str+2}
 43208 | Depths:3 | Identified the staff "Tadoexei" {*Corrode rF+ rN+ Dex+4
                  | Fire}
 43413 | Depths:4 | Entered Level 4 of the Depths
 43696 | Elf:1    | Entered Level 1 of the Elven Halls
 43752 | Elf:1    | Found Noblul's Magic Scroll Emporium.
 43755 | Elf:1    | Found Osuet's Magic Scroll Shoppe.
 43755 | Elf:1    | Found Ughiy's Distillery.
 43760 | Elf:1    | Bought a scroll of blinking for 150 gold pieces
 43760 | Elf:1    | Found Siunahio's Assorted Antiques.
 43763 | Elf:1    | Bought a potion of haste for 180 gold pieces
 43768 | Elf:1    | Bought a scroll of teleportation for 54 gold pieces
 43895 | Elf:1    | You are sucked into a shaft and drop 1 floor!
 43901 | Elf:2    | Noticed Zenata
 44295 | Elf:1    | Noticed Kirke
 44305 | Elf:1    | Killed Kirke
 44465 | Elf:1    | Got Taesy's Elucidation of Allied Bolts
 44876 | Elf:2    | Found a runed translucent gate.
 44876 | Elf:2    | Found a runed translucent gate.
 44876 | Elf:2    | Found a runed translucent gate.
 45167 | Elf:3    | Entered Level 3 of the Elven Halls
 45805 | Elf:3    | Identified the +4 battleaxe of Distant Shores {flame, rF-
                  | Int+6}
 45805 | Elf:3    | Identified the +0 leather armour "Rakhle" {Rampage Str+4
                  | Int+3 Stlth+}
 45947 | Elf:3    | Identified the +0 plate armour "Hohy" {Regen+ Int+5 Dex-3}
 45949 | Elf:3    | Reached XP level 20. HP: 185/211 MP: 30/30
 46027 | Elf:3    | Identified the +7 glaive "Zioxkoew" {heavy, rC+ Str+3}
 46032 | Elf:3    | Identified the ring "Lealot" {rC+ Dex+6}
 46052 | Elf:3    | Identified the +5 dire flail "Beastbane" {heavy, rPois rC+
                  | Dex+2 SInv}
 46066 | Elf:3    | Found the +15 Maxwell's patent armour {-Cast -Tele rElec
                  | Will+ rCorr}
 46559 | Vaults:5 | Entered Level 5 of the Vaults
 46603 | Vaults:5 | Reached skill level 25 in Ranged Weapons
 46856 | Vaults:5 | Identified the +7 long sword "Demonbane" {antimagic, rN+
                  | rCorr Dex+5}
 46893 | Vaults:5 | Noticed an ancient lich
 46895 | Vaults:5 | Killed an ancient lich
 46896 | Vaults:5 | Reached skill level 26 in Ranged Weapons
 46973 | Vaults:5 | Identified the ring "Parym" {Fire Int+5 Dex+3}
 47005 | Vaults:5 | Noticed an ancient lich
 47007 | Vaults:5 | Killed an ancient lich
 47281 | Vaults:5 | Reached XP level 21. HP: 219/219 MP: 31/31
 47530 | Vaults:5 | Found the +0 mask of the Dragon {Will+ Slay+3 SInv}
 47534 | Vaults:5 | Found the +2 ratskin cloak {*Rats rPois rN+ Str-1 Int-1
                  | Dex+1}
 47821 | Vaults:5 | Noticed a dread lich
 47822 | Vaults:5 | Paralysed by a dread lich for 4 turns
 47826 | Vaults:5 | Killed a dread lich
 47891 | Vaults:5 | Got a silver rune of Zot
 48048 | Vaults:5 | Identified the ring of Tiujime {MP+9 Int+4}
 48078 | Vaults:5 | Identified the +6 dagger of Toesu {freeze, rElec rCorr}
 48706 | Depths:4 | Reached skill level 27 in Ranged Weapons
 48789 | Depths:4 | Found a stormy altar of Qazlal.
 48994 | Depths:4 | Noticed Sojobo
 48997 | Depths:4 | Killed Sojobo
 48998 | Depths:4 | Reached skill level 10 in Dodging
 49112 | Depths:4 | Found a gate to the Realm of Zot.
 49438 | Zot:1    | Entered Level 1 of the Realm of Zot
 49440 | Zot:1    | Found Awaufeuz's CLEARANCE SALE!.
 49478 | Depths:4 | HP: 7/219 [death cob (21)]
 49690 | Zot:1    | Noticed an orb of fire
 49693 | Zot:1    | Killed an orb of fire
 50954 | Zot:1    | Bought a potion of curing for 15 gold pieces
 51797 | Zot:2    | Reached XP level 22. HP: 205/216 MP: 32/32
 52173 | Zot:2    | Noticed an orb of fire
 52176 | Zot:2    | Killed an orb of fire
 52734 | Zot:4    | Identified the +4 scale mail "Suabihim" {Harm Str+5}
 52814 | Zot:5    | Entered Level 5 of the Realm of Zot
 53026 | Zot:5    | Noticed an ancient lich
 53037 | Zot:5    | Killed an ancient lich
 53095 | Zot:5    | Noticed an ancient lich
 53104 | Zot:5    | Killed an ancient lich
 53357 | Zot:5    | Noticed an orb of fire
 53358 | Zot:5    | Gained mutation: Your body sometimes deteriorates upon
                  | taking damage. [an orb of fire]
 53359 | Zot:5    | Noticed a Killer Klown
 53361 | Zot:5    | Killed an orb of fire
 53361 | Zot:5    | Noticed a Killer Klown
 53361 | Zot:5    | Noticed an orb of fire
 53362 | Zot:5    | Noticed an orb of fire
 53363 | Zot:5    | Killed an orb of fire
 53363 | Zot:5    | Gained mutation: Your magical capacity is low. (-10% MP)
                  | [an orb of fire]
 53364 | Zot:5    | Gained mutation: You occasionally shout uncontrollably at
                  | your foes. [an orb of fire]
 53367 | Zot:5    | Killed an orb of fire
 53371 | Zot:5    | Killed a Killer Klown
 53375 | Zot:5    | Killed a Killer Klown
 53465 | Zot:5    | Noticed an orb of fire
 53466 | Zot:5    | Gained mutation: You occasionally lose the ability to drink
                  | potions when taking damage. [an orb of fire]
 53469 | Zot:5    | Gained mutation: You frequently scream uncontrollably at
                  | your foes. [an orb of fire]
 53470 | Zot:5    | Gained mutation: You are dopey. (Int -2) [an orb of fire]
 53471 | Zot:5    | Killed an orb of fire
 53555 | Zot:5    | Reached XP level 23. HP: 244/244 MP: 30/30
 53580 | Zot:5    | Noticed an orb of fire
 53586 | Zot:5    | Gained mutation: You occasionally lose the ability to read
                  | scrolls when taking damage. [an orb of fire]
 53586 | Zot:5    | Noticed a Killer Klown
 53587 | Zot:5    | Killed an orb of fire
 53589 | Zot:5    | Killed a Killer Klown
 53610 | Zot:5    | Lost mutation: You frequently scream uncontrollably at your
                  | foes. [potion of mutation]
 53610 | Zot:5    | Lost mutation: Your body sometimes deteriorates upon taking
                  | damage. [potion of mutation]
 53611 | Zot:5    | Lost mutation: You are partially covered in iridescent
                  | scales. (AC +2) [potion of mutation]
 53611 | Zot:5    | Lost mutation: You are dopey. (Int -2) [potion of mutation]
 53611 | Zot:5    | Lost mutation: You occasionally lose the ability to read
                  | scrolls when taking damage. [potion of mutation]
 53611 | Zot:5    | Lost mutation: Your muscles are strong. (Str +4, Int/Dex
                  | -1) [potion of mutation]
 53611 | Zot:5    | Gained mutation: You have hidden genetic defects. [potion
                  | of mutation]
 53611 | Zot:5    | Gained mutation: You can exhale a cloud of poison. [potion
                  | of mutation]
 53611 | Zot:5    | Gained mutation: You possess an exceptional clarity of
                  | mind. [potion of mutation]
 53612 | Zot:5    | Lost mutation: You can exhale a cloud of poison. [potion of
                  | mutation]
 53612 | Zot:5    | Lost mutation: You occasionally shout uncontrollably at
                  | your foes. [potion of mutation]
 53612 | Zot:5    | Gained mutation: You are robust. (+10% HP) [potion of
                  | mutation]
 53612 | Zot:5    | Gained mutation: You have sharp fingernails. [potion of
                  | mutation]
 53612 | Zot:5    | Gained mutation: You passively dampen the noise of your
                  | surroundings. [potion of mutation]
 53613 | Zot:5    | Lost mutation: You occasionally lose the ability to drink
                  | potions when taking damage. [potion of mutation]
 53613 | Zot:5    | Lost mutation: You have hidden genetic defects. [potion of
                  | mutation]
 53613 | Zot:5    | Lost mutation: You possess an exceptional clarity of mind.
                  | [potion of mutation]
 53613 | Zot:5    | Gained mutation: Your mind is acute. (Int +4, Str/Dex -1)
                  | [potion of mutation]
 53620 | Zot:5    | Noticed an orb of fire
 53624 | Zot:5    | Gained mutation: You occasionally lose the ability to drink
                  | potions when taking damage. [an orb of fire]
 53625 | Zot:5    | Killed an orb of fire
 53654 | Zot:5    | Noticed an orb of fire
 53655 | Zot:5    | Gained mutation: You occasionally shout uncontrollably at
                  | your foes. [an orb of fire]
 53656 | Zot:5    | Killed an orb of fire
 53767 | Zot:5    | Got the Orb of Zot
 54306 | D:$      | Escaped with the Orb!

Illustrated notes

Levels and vault maps discovered:
D:1:      spicycebolla_arrival_ecumenical, layout_rooms, serial_shops,
          nicolae_shop_stone
D:2:      layout_rooms, serial_shops, nicolae_shop_hallway_stairs,
          nrook_loot_triangle, uniq_jessica, uniq_robin, uniq_natasha
D:3:      layout_loops_corners, grunt_temple_overflow_gold_and_silver
D:4:      layout_rooms, gammafunk_temple_overflow_pools, gammafunk_ghost_grave,
          nicolae_nh_oracle_at_delphi
D:5:      wad_woods_settlement, layout_basic,
          nicolae_kikubaaqudgha_miasma_corner, kennysheep_windowed_goal
D:6:      layout_basic, temple_pool_b
D:7:      layout_gridville, grunt_temple_overflow_holy_war,
          makhleb_heckhound_becter, nicolae_overflow_hidden_temple, uniq_joseph
D:8:      layout_basic, mainiacjoe_overflow_small_starburst, lemuel_tele_altar,
          serial_shops, nicolae_shop_just_a_little_nook
D:9:      gammafunk_wand_slinger, layout_cave_pools, fedhas_altar_1,
          serial_gnoll_camp, gnoll_camp_mini_loothouse, gnoll_camp_mini_hut,
          gnoll_camp_mini_basic, gnoll_camp_mini_basic, grums_kennel,
          uniq_amaemon, uniq_maurice, uniq_grum, uniq_pikel, uniq_psyche
D:10:     layout_grid_maze, nicolae_ashenzari_panopticon, dpeg_oklobed_lair,
          skrybe_limestone_x
D:11:     layout_basic, grunt_decor_resistance, due_unseen_surprise
D:12:     layout_irregular_city, uniq_azrael
D:13:     layout_basic, lightli_vaults_fourway_checkpoint, uniq_rupert
D:14:     layout_basic, chequers_serial_rivers_room_a
D:15:     hellmonk_depths_entry_around_the_bend, layout_irregular_city,
          ebering_ghost_disaster_area, lemuel_old_faithful, uniq_jorgrun
Lair:1:   layout_gridlike, uniq_urug
Lair:2:   layout_cave_shapes, swamp_mist, lemuel_fruit_tree,
          infiniplex_staircase_pool_2
Lair:3:   layout_hall_layers, spider_nest_entry_a, infiniplex_staircase_pool
Lair:4:   cheibrodos_lair_overgrown_chateau, layout_gridlike,
          minmay_slime_entry_pillars, special_room [special_room_bee],
          gammafunk_lair_bear_cave
Lair:5:   evilmike_catoblepas_cave, layout_layer_cave, uniq_josephine,
          uniq_sonja
Swamp:1:  nicolae_swamp_secret_spriggan_hideout, layout_basic_swamp,
          portal_ice_cave_entry_pillars_four, hangedman_swamp_lotus,
          swamp_pool1, uniq_roxanne, uniq_louise, uniq_frances
Swamp:2:  layout_falls_marsh, hangedman_swamp_ruin_wall, swamp_pool3,
          uniq_donald
Swamp:3:  layout_falls_marsh, evilmike_swamp_ruin_house_4, swamp_pool3,
          uniq_mlioglotl
Swamp:4:  swamp_icy, layout_basic_swamp, gammafunk_ghost_necromancy
Spider:1: layout_spider_delve, uniq_asterion
Spider:2: layout_spider_delve, ebering_ghost_xom,
          hangedman_spider_tarantella_strand
Spider:3: layout_spider_delve, beargit_elvish_explorers
Spider:4: spider_rune_water, ebering_ghost_disaster_area, drop_trap, uniq_aizul
Orc:1:    layout_caves, nooodl_orcs_dogs, uniq_erica
Orc:2:    kennysheep_orc_mage_school, layout_caves, serial_shops,
          bzr_entry_islet, gauntlet_entry_generic,
          gammafunk_ghost_berserking_beasts, uniq_nessos
Elf:1:    layout_geoelf_diagonals, minmay_elf_sorcery, grunt_megastairs_5,
          minmay_shoptagon, uniq_kirke
Elf:2:    nicolae_elf_blades_splatter_lattice
          [nicolae_blade_entry_hurt_lockers], layout_geoelf_grid,
          corexii_leaking_fountain, nicolae_elf_variegated_diamond, uniq_zenata
Elf:3:    minmay_elf_hall_curves, layout_gridlike, drop_trap,
          einodemon_barbed_minivault
Vaults:1: nicolae_vaults_diagonal_hallway_8, nicolae_vaults_lightning_bolt,
          hangedman_vaults_nails, nicolae_vaults_trapezoid_1,
          nicolae_vaults_ninety_degrees, nicolae_vaults_weapon_check,
          nicolae_vaults_sealed_display, hangedman_vaults_restitches,
          grunt_vaults_twisty, vaults_room_glass_cross,
          layout_vaults_maze_snakey
Vaults:2: nicolae_vaults_two_Ls, nicolae_vaults_little_squares_3,
          minmay_crypt_entry_necro_gods, v_misc_18, grunt_vaults_diagonal,
          nicolae_vaults_security_offices_1, v_misc_12,
          nicolae_vaults_rhombus_7, ontoclasm_vaults_decontamination,
          nicolae_vaults_diagonal_hallway_8, vaults_mumra_hexcomb,
          layout_vaults_omnicross, serial_shops, nicolae_shop_window_shopping
Vaults:3: v_alt_pattern_1, grunt_vaults_funnel, v_misc_9,
          nicolae_vaults_octothorpe, nicolae_vaults_storage_room_statues,
          nicolae_vaults_little_squares_5, nicolae_vaults_trapezoid_4,
          grunt_vaults_hallway_short, nicolae_vaults_yaktaur_gun_rack,
          layout_vaults_omnigrid
Vaults:4: nicolae_vaults_puzzle_piece, nicolae_vaults_crenellated_ambush,
          ontoclasm_vaults_shuriken, hangedman_vaults_maws, v_misc_24,
          hangedman_vaults_hat, v_misc_32, v_pattern_1, v_rooms_6,
          nicolae_vaults_big_angled_halls, hangedman_vaults_impose,
          ontoclasm_vaults_misaligned, layout_vaults_ring, serial_shops,
          freezing_bzr
Vaults:5: serial_shops
Depths:1: layout_roguey, enter_ziggurat_c, grunt_hell_entry_dis_grunt,
          xom_redecorated, hangedman_abyss_entry_splay, nrook_mini_backslash,
          chequers_serial_rivers_small_3, minmay_liquid_box,
          lemuel_flamethrower_hall, uniq_enchantress
Depths:2: minmay_tri_stars, layout_cave_pools, infiniplex_staircase_zigzag_1,
          serial_shops, nicolae_shop_advertising_works
          [nicolae_subvault_shop_adworks], nicolae_shop_stone,
          pf_vacation_house_of_asmodeus, rand_demon_pan_entry_4, uniq_nikola
Depths:3: giant_chief_lemuel, layout_cave_pools, pf_hell_entry_tar_river,
          nicolae_wwwww, abyss_entry_glasseish, infiniplex_enter_wizlab_glasses,
          infiniplex_staircase_pillars_2
Depths:4: grunt_zot_entry_gee_three, layout_gridlike,
          abyss_entry_small_statue_room, nicolae_qazlal_eye_of_the_storm,
          hell_entry, minmay_misc_feat_more_columns, minmay_misc_feat_enclosed,
          uniq_sojobo
Zot:1:    layout_cathedral_of_symmetry, grunt_ministairs_9,
          nicolae_shop_clearance
Zot:2:    layout_onion
Zot:3:    layout_gridville
Zot:4:    layout_gridlike, st_small_dragon_hoard_3, grunt_megastairs_3
Zot:5:    layout_onion

Skill      XL: |  1  2  3  4  5  6  7  8  9 10 11 12 13 14 15 16 17 18 19 20 21 22 23 |
---------------+----------------------------------------------------------------------+-----
Ranged Weapons | 2 3 5 6 8 10 14 16 17 18 20 22 23 24 26 27 | 27.0
Fighting       | 3 4 5 9 11 13 15 16 18 20 22 23 | 23.9
Hexes          | 6 8 9 12 13 | 13.3
Spellcasting   | 2 4 6 7 |  7.0
Dodging        | 4 5 6 9 11 | 11.3
Fire Magic     | 4 |  4.0
Evocations     | 1 6 12 | 12.0
Armour         | 3 5 8 10 12 14 | 14.0
Translocations | 4 |  4.0

Action                     |  1- 3 |  4- 6 |  7- 9 | 10-12 | 13-15 | 16-18 | 19-21 | 22-24 || total
---------------------------+-------+-------+-------+-------+-------+-------+-------+-------++-------
  Melee: Longbow           |       |       |       |       |    11 |       |       |       ||    11
   Fire: Sling             |    89 |   466 |   246 |       |       |       |       |       ||   801
         Shortbow          |       |       |   661 |  1439 |       |       |       |       ||  2100
         Orcbow            |       |       |       |     9 |       |       |       |       ||     9
         Longbow           |       |       |       |   223 |  1245 |    53 |       |       ||  1521
         Heavy crossbow    |       |       |       |       |       |   528 |   547 |   206 ||  1281
   Cast: Slow              |     1 |    31 |       |       |       |       |       |       ||    32
         Inner Flame       |       |       |    19 |     7 |     1 |       |       |       ||    27
         Cause Fear        |       |       |     6 |     7 |     1 |       |       |       ||    14
         Portal Projectile |       |       |       |     3 |     4 |     3 |     3 |     1 ||    14
         Blink             |       |       |       |     1 |       |     1 |     1 |       ||     3
         Apportation       |       |       |       |       |     3 |     3 |       |     1 ||     7
 Invoke: Sacrifice Experie |     1 |     1 |     1 |       |       |       |       |       ||     3
         Draw Out Power    |       |     2 |     1 |       |       |       |       |     1 ||     4
         Power Leap        |       |       |     6 |     3 |     5 |     1 |     1 |       ||    16
         Sacrifice Love    |       |       |     1 |       |       |       |       |       ||     1
         Apocalypse        |       |       |     3 |     6 |     5 |     3 |     3 |     1 ||    21
         Sacrifice Stealth |       |       |     1 |       |       |       |       |       ||     1
Ability: Spit Poison       |    22 |    88 |    58 |    25 |     2 |       |       |       ||   195
  Evoke: Wand              |       |       |     2 |     2 |       |       |       |     2 ||     6
         Condenser vane    |       |       |       |       |       |       |     1 |       ||     1
    Use: Scroll            |       |    10 |    12 |    14 |     9 |     4 |    14 |     3 ||    66
         Potion            |       |       |       |     1 |     1 |     4 |     2 |     5 ||    13
 Armour: Robe              |     2 |   114 |   209 |   232 |       |       |       |       ||   557
         Troll leather arm |       |       |       |   122 |    23 |       |       |       ||   145
         Swamp dragon scal |       |       |       |       |   289 |   136 |       |       ||   425
         Acid dragon scale |       |       |       |       |       |   107 |   187 |       ||   294
         Fire dragon scale |       |       |       |       |       |       |     4 |    80 ||    84
  Dodge: Dodged            |    12 |   102 |   158 |   308 |   241 |   336 |   251 |    52 ||  1460
         Repelled          |       |       |       |       |       |     4 |    12 |       ||    16
  Block: Other             |       |    56 |    93 |   125 |   186 |    12 |       |    28 ||   500
         Reflection        |       |       |     4 |    10 |       |       |       |       ||    14

Table legend: (Time is in decaauts)
 A = Elapsed time spent in this place.
 B = Non-inter-level travel time spent in this place.
 C = Inter-level travel time spent in this place.
 D = Time resting spent in this place.
 E = Time spent auto-exploring this place.
 F = Levels seen in this place.
 G = Mean time per level.
                   A        B        C        D        E       F      G
               +--------+--------+--------+--------+--------+-----+--------+
         Total |  69667 |  60358 |   9309 |   9567 |  35889 |  52 | 1339.8 |
       Dungeon |  22008 |  18102 |   3906 |   3476 |  10777 |  15 | 1467.2 |
          Lair |   8802 |   7984 |    818 |   1574 |   4491 |   5 | 1760.4 |
         Swamp |   3676 |   3476 |    200 |    460 |   2251 |   4 |  919.0 |
   Spider Nest |   6449 |   5717 |    732 |    973 |   3489 |   4 | 1612.2 |
  Orcish Mines |   2510 |   1949 |    561 |    160 |   1253 |   2 | 1255.0 |
   Elven Halls |   3816 |   3387 |    429 |    193 |   2568 |   3 | 1272.0 |
        Vaults |   9350 |   7960 |   1390 |    990 |   4615 |   5 | 1870.0 |
        Depths |   6948 |   6094 |    854 |    946 |   3720 |   4 | 1737.0 |
           Zot |   4069 |   3653 |    416 |    484 |   2080 |   5 |  813.8 |
        Bazaar |    288 |    288 |      0 |      0 |    155 |   2 |  144.0 |
      Ice Cave |    692 |    692 |      0 |    181 |    107 |   1 |  692.0 |
        Wizlab |    340 |    340 |      0 |     26 |     98 |   1 |  340.0 |
      Gauntlet |    716 |    716 |      0 |    100 |    280 |   1 |  716.0 |
               +--------+--------+--------+--------+--------+-----+--------+

Top non-repeatable levels by time:
Vaults:5: 2735 daAuts
  Lair:5: 2618 daAuts
     D:5: 2332 daAuts
Spider:2: 2213 daAuts
  Lair:4: 2028 daAuts
     D:9: 1996 daAuts
Depths:4: 1862 daAuts
Depths:1: 1842 daAuts
    D:10: 1838 daAuts
   Orc:2: 1783 daAuts
     D:8: 1756 daAuts
Vaults:2: 1679 daAuts
     D:3: 1678 daAuts
Depths:3: 1676 daAuts
  Lair:3: 1673 daAuts
